 Dungeon Crawl Stone Soup version 0.20-a0-869-gcf33cab (webtiles) character file.

12428 Laan the Severer (level 11, -14/90 HPs)
             Began as a Gargoyle Berserker on Mar 12, 2017.
             Was a High Priest of Trog.
             Demolished by a white ugly thing (31 damage)
             ... on level 11 of the Dungeon on Mar 13, 2017.
             The game lasted 00:23:53 (10124 turns).

Laan the Severer (Gargoyle Berserker)              Turns: 10124, Time: 00:23:54

Health: -14/90     AC: 20    Str: 30    XL:     11   Next: 93%
Magic:  11/11      EV:  8    Int: 12    God:    Trog [*****.]
Gold:   476        SH:  3    Dex: 12    Spells: 10/10 levels left

rFire    + . .     SeeInvis .   N - +1 war axe
rCold    . . .     Gourm    .   a - +0 chain mail {rF+}
rNeg     + . .     Faith    .   F - +0 buckler
rPois    ∞         Spirit   .   (no helmet)
rElec    +         Reflect  .   n - scarf {repulsion}
rCorr    .         Harm     .   X - +2 pair of gloves "Jeulyull" {rPois Str+3}
MR       .....                  j - +0 pair of boots
Stlth    ..........             V - amulet of regeneration
Regen    0.7/turn               x - +3 ring of dexterity
MPRegen  0.2/turn               Y - +2 ring of strength

@: berserking, repel missiles, very quick
A: negative energy resistance 1, electricity resistance, unbreathing,
petrification resistance, rot immunity, AC +7
a: Berserk, Trog's Hand, Brothers in Arms, Burn Spellbooks, Renounce Religion


You were on level 11 of the Dungeon.
You worshipped Trog.
Trog was extremely pleased with you.
You were very hungry.

You visited 1 branch of the dungeon, and saw 11 of its levels.
You also visited: Ossuary.

You collected 724 gold pieces.
You spent 248 gold pieces at shops.

Inventory:

Hand Weapons
 N - a +1 war axe (weapon)
Armour
 a - a +0 chain mail of fire resistance (worn)
 j - a +0 pair of boots (worn)
 n - a scarf of repulsion (worn)
 F - a +0 buckler (worn)
 X - the +2 pair of gloves "Jeulyull" (worn) {rPois Str+3}
   (You bought it in a shop on level 8 of the Dungeon)

   It affects your strength (+3).
   It protects you from poison.
Jewellery
 x - a +3 ring of dexterity (right hand)
 V - an amulet of regeneration (around neck)
 W - the ring of Xuellyri {+Fly rF+ Int-4 Dex+4}
   (You found it on level 8 of the Dungeon)

   [ring of flight]

   It affects your intelligence (-4).
   It affects your dexterity (+4).
   It protects you from fire.
   It lets you fly.
 Y - a +2 ring of strength (left hand)
Wands
 c - a wand of digging (17/24)
 G - a wand of acid (0/15)
 H - a wand of clouds (2/9)
 J - a wand of digging (20/24)
 P - a wand of flame (10/48)
Scrolls
 b - 2 scrolls of blinking {unknown}
 e - 4 scrolls of enchant armour {unknown}
 h - 3 scrolls of immolation {unknown}
 i - 8 scrolls of identify
 r - 11 scrolls of remove curse
 t - 3 scrolls of random uselessness {unknown}
 u - 6 scrolls of teleportation {unknown}
 v - 5 scrolls of magic mapping {unknown}
 w - a scroll of noise {unknown}
 y - a scroll of amnesia {unknown}
 z - 2 scrolls of enchant weapon {unknown}
 K - 3 scrolls of fear {unknown}
 L - 3 scrolls of recharging {unknown}
 M - a scroll of silence {unknown}
 O - a scroll of fog {unknown}
Potions
 d - 2 potions of mutation
 f - 4 potions of agility {unknown}
 k - 3 potions of degeneration {unknown}
 l - 5 potions of lignification {unknown}
 m - a potion of brilliance {unknown}
 o - a potion of haste {unknown}
 q - 5 potions of flight {unknown}
 s - a potion of ambrosia {unknown}
 A - a potion of might {unknown}
 E - 2 potions of magic {unknown}
 I - 2 potions of heal wounds
 Q - 4 potions of curing {unknown}
 T - 3 potions of resistance {unknown}
 U - 2 potions of cancellation {unknown}
 Z - 2 potions of berserk rage {unknown}
Books
 B - a book of Geomancy

   Spells                             Type                      Level
   a - Sandblast                      Earth                        1
   b - Passwall                       Transmutation/Earth          2
   c - Stone Arrow                    Conjuration/Earth            3
   d - Petrify                        Transmutation/Earth          4
   e - Lee's Rapid Deconstruction     Earth                        5
   Trog disapproves of the use of such an item.
Comestibles
 g - 12 meat rations
 p - 13 royal jellies
 C - 4 bread rations
 D - 7 chunks of flesh


   Skills:
 + Level 3.4 Fighting
 - Level 16.2 Axes
 + Level 2.5 Armour
 - Level 1.5 Dodging
 + Level 0.7 Shields


You had 10 spell levels left.
You didn't know any spells.

Dungeon Overview and Level Annotations

Branches:
Dungeon (11/15)            Temple (0/1) D:4             Orc (0/2) D:10
   Lair: D:8-11

Altars:
Cheibriados
Dithmenos
Elyvilon
Fedhas
Gozag
Kikubaaqudgha
Okawaru
Qazlal
Uskayaw
Wu Jian
Zin
The Shining One

Shops:
D:4 (   D:8 [   D:9 %


Innate Abilities, Weirdness & Mutations

You are resistant to torment.
Your stone body is resilient. (AC +7)
You are immune to poison.
You resist negative energy. (rN+)
You are resistant to electric shocks. (rElec)
You can survive without breathing.
You are immune to petrification.
You are immune to rotting.


Message History

The hornet zombie hits you but does no damage.
You barely miss the white ugly thing.
The white ugly thing is severely wounded.
You closely miss the hornet zombie.
You completely miss the white ugly thing.
The white ugly thing is severely wounded.
You hit the hornet zombie.
The hornet zombie hits you but does no damage.
The white ugly thing claws you! The white ugly thing freezes you!!
* * * LOW HITPOINT WARNING * * *
You barely miss the white ugly thing.
The white ugly thing is severely wounded.
You slash the hornet zombie! You hit the white ugly thing.
The white ugly thing is severely wounded.
You slash the hornet zombie! You block the hornet zombie's attack.
The white ugly thing claws you.
* * * LOW HITPOINT WARNING * * *
The white ugly thing freezes you!!
You die...

#.##..#.##.##..#.....
#....................
####..#<......##.#...
#..#..........+...
#.......##.##.# ..
###.####### ..
##.......... #.
#....###.### ####@#
#....uZ...#
#............
#............
#............
#.........#..
######+##.# . .#


You could see a white ugly thing and a hornet zombie.

Vanquished Creatures
  Erica (D:8)
  A centaur warrior (D:8)
  3 two-headed ogres
  An unseen horror (D:10)
  Pikel (D:4)
  An orc knight (D:8)
  A deep elf mage (D:8)
  2 cyclopes (D:8)
  A wolf spider (D:8)
  A manticore (D:8)
  Joseph (D:9)
  Prince Ribbit (D:5)
  2 hippogriffs
  Sigmund (D:4)
  A wraith (Ossuary)
  A hungry ghost (D:7)
  Edmund (D:5)
  2 soldier ants (D:9)
  Menkaure (D:4)
  A water moccasin (D:10)
  Duvessa (D:5)
  An orc warrior (D:6)
  3 phantoms
  2 ice beasts
  A black bear (D:6)
  A sky beast (D:8)
  A hornet zombie (D:6)
  A necrophage (D:11)
  5 centaurs
  6 ogres
  4 big kobolds
  A bullfrog (D:10)
  Dowan (D:5)
  A gnoll sergeant (D:6)
  3 scorpions
  5 wights (D:7)
  2 crimson imps
  A bullfrog zombie (D:9)
  Crazy Yiuf (D:3)
  5 orc priests
  12 hounds
  A bullfrog skeleton (D:8)
  A gnoll shaman (D:6)
  4 iguanas
  Natasha (thrice) (D:4)
  9 orc wizards
  3 worker ants
  3 mummies (Ossuary)
  4 worker ant zombies
  Robin (D:2)
  8 adders
  6 gnolls
  A shadow imp (D:7)
  2 oozes
  6 worms
  2 dart slugs (D:1)
  3 leopard geckos
  25 orcs
  2 giant cockroaches
  14 goblins
  17 hobgoblins
  6 jackals
  37 kobolds
  4 quokkas
  A ball python (D:7)
  A ball python skeleton (D:4)
  4 bats
  6 frilled lizards
  5 goblin zombies (Ossuary)
  4 hobgoblin zombies
  2 kobold zombies
  5 rats
  A rat zombie (D:8)
  A plant (D:7)
275 creatures vanquished.

Vanquished Creatures (collateral kills)
  A yaktaur captain (D:8)
  A black bear (D:8)
  An orc (D:8)
3 creatures vanquished.

Vanquished Creatures (others)
  A slave (D:4)
  A worm (D:4)
  A giant cockroach (D:4)
  A frilled lizard (D:4)
  11 plants (D:11)
15 creatures vanquished.

Grand Total: 293 creatures vanquished

Notes
Turn   | Place    | Note
-------+----------+-------------------------------------------
     0 | D:1      | Laan the Gargoyle Berserker began the quest for the Orb.
     0 | D:1      | Reached XP level 1. HP: 14/14 MP: 1/1
    32 | D:1      | Reached skill level 3 in Axes
   204 | D:1      | Reached XP level 2. HP: 13/19 MP: 2/2
  1309 | D:2      | Reached XP level 3. HP: 23/23 MP: 3/3
  1363 | D:2      | Found a faded altar of an unknown god.
  1426 | D:2      | Reached ** piety under Trog
  1426 | D:2      | Reached skill level 4 in Axes
  1539 | D:2      | Noticed Robin
  1546 | D:2      | Killed Robin
  1546 | D:2      | Reached XP level 4. HP: 28/28 MP: 4/4
  1967 | D:3      | Found a hide-covered altar of Uskayaw.
  1968 | D:3      | Noticed an enchanted hand axe
  1970 | D:3      | Noticed a dagger
  2131 | D:3      | Reached skill level 5 in Axes
  2147 | D:3      | Reached XP level 5. HP: 31/32 MP: 5/5
  2308 | D:3      | Found a runed door.
  2312 | D:3      | Noticed Crazy Yiuf
  2319 | D:3      | Killed Crazy Yiuf
  2477 | D:4      | Noticed Pikel
  2477 | D:4      | Noticed a slave
  2478 | D:4      | Noticed a slave
  2478 | D:4      | Found a staircase to the Ecumenical Temple.
  2478 | D:4      | Noticed a slave
  2478 | D:4      | Noticed a slave
  2552 | D:4      | Killed Pikel
  2552 | D:4      | Reached skill level 7 in Axes
  2552 | D:4      | Reached XP level 6. HP: 31/37 MP: 6/6
  2552 | D:4      | Reached XP level 7. HP: 35/41 MP: 7/7
  2705 | D:4      | Noticed Sigmund
  2715 | D:4      | Killed Sigmund
  2715 | D:4      | Reached skill level 8 in Axes
  2834 | D:4      | Reached XP level 8. HP: 41/46 MP: 8/8
  2893 | D:4      | Noticed Natasha
  2902 | D:4      | Killed Natasha
  2902 | D:4      | Reached *** piety under Trog
  2909 | D:4      | Noticed Natasha
  2924 | D:4      | Killed Natasha
  2974 | D:4      | Reached skill level 9 in Axes
  3035 | D:4      | Noticed Menkaure
  3036 | D:4      | Noticed Natasha
  3046 | D:4      | Killed Menkaure
  3052 | D:4      | Killed Natasha
  3242 | D:4      | Found Moskuisch's Weapon Shoppe.
  3251 | D:4      | Bought a +0 war axe for 49 gold pieces
  3294 | D:5      | Entered Level 5 of the Dungeon
  3309 | D:5      | Noticed Prince Ribbit
  3321 | D:5      | Killed Prince Ribbit
  3371 | D:5      | Reached skill level 10 in Axes
  3508 | D:5      | Noticed Edmund
  3519 | D:5      | Killed Edmund
  3754 | D:5      | Noticed Duvessa
  3759 | D:5      | Noticed Dowan
  3763 | D:5      | Killed Duvessa
  3763 | D:5      | Reached XP level 9. HP: 51/51 MP: 9/9
  3769 | D:5      | Killed Dowan
  3931 | D:5      | Reached skill level 11 in Axes
  4477 | D:6      | Found a snail-covered altar of Cheibriados.
  4480 | D:6      | Found an iron altar of Okawaru.
  4485 | D:6      | Found an ancient bone altar of Kikubaaqudgha.
  4486 | D:6      | Found a shadowy altar of Dithmenos.
  4488 | D:6      | Found an opulent altar of Gozag.
  4518 | D:6      | Found an ornate altar of the Wu Jian Council.
  4630 | D:6      | Found a blossoming altar of Fedhas.
  4710 | D:6      | Reached **** piety under Trog
  5240 | D:6      | Reached skill level 12 in Axes
  5842 | D:7      | Reached XP level 10. HP: 49/56 MP: 10/10
  5983 | D:7      | Reached skill level 13 in Axes
  6364 | D:7      | Reached ***** piety under Trog
  6987 | D:8      | Found a sand-covered staircase.
  7000 | Ossuary  | Entered an ossuary
  7380 | D:8      | Found Lapnupue's Antique Armour Boutique.
  7402 | D:8      | Bought a pair of pitted gloves for 199 gold pieces
  7407 | D:8      | Identified the +2 pair of gloves "Jeulyull" {rPois Str+3} (You bought it in a shop on level 8 of the Dungeon)
  7471 | D:8      | Noticed a two-headed ogre
  7478 | D:8      | Killed a two-headed ogre
  7929 | D:8      | Found a runed door.
  7929 | D:8      | Noticed a yaktaur captain
  7929 | D:8      | Noticed a cyclops
  7929 | D:8      | Noticed a cyclops
  7931 | D:8      | Noticed an orc knight
  7931 | D:8      | Noticed a wolf spider
  7931 | D:8      | Noticed a manticore
  7931 | D:8      | Noticed a centaur warrior
  7931 | D:8      | Noticed a deep elf mage
  7937 | D:8      | Killed a cyclops
  7937 | D:8      | Reached skill level 14 in Axes
  7953 | D:8      | Killed a wolf spider
  7958 | D:8      | Killed a centaur warrior
  7958 | D:8      | Reached XP level 11. HP: 47/60 MP: 11/11
  7962 | D:8      | Killed a deep elf mage
  7966 | D:8      | Killed a yaktaur captain
  7966 | D:8      | Reached skill level 15 in Axes
  7976 | D:8      | Killed a cyclops
  7978 | D:8      | Killed an orc knight
  7983 | D:8      | Killed a manticore
  8044 | D:8      | Got a steaming lead ring
  8054 | D:8      | Identified the ring of Xuellyri {+Fly rF+ Int-4 Dex+4} (You found it on level 8 of the Dungeon)
  8214 | D:8      | Noticed Erica
  8238 | D:8      | Killed Erica
  8747 | D:9      | Found a glowing golden altar of the Shining One.
  8750 | D:9      | Found a white marble altar of Elyvilon.
  8755 | D:9      | Found a glowing silver altar of Zin.
  9012 | D:9      | Noticed Joseph
  9026 | D:9      | Killed Joseph
  9083 | D:9      | Found a stormy altar of Qazlal.
  9132 | D:9      | Found Hutiamev's Food Emporium.
  9329 | D:10     | Entered Level 10 of the Dungeon
  9392 | D:10     | Killed an unseen horror
  9525 | D:10     | Noticed a two-headed ogre
  9531 | D:10     | Killed a two-headed ogre
  9531 | D:10     | Reached skill level 16 in Axes
  9543 | D:10     | Found a staircase to the Orcish Mines.
  9645 | D:10     | Noticed a two-headed ogre
  9661 | D:10     | Killed a two-headed ogre
 10115 | D:11     | Noticed a white ugly thing
 10124 | D:11     | Demolished by a white ugly thing

Vault maps used:
D:1:      moated_graveyard_arrival
D:2:      chequers_ecumenical_altar_simple, st_stairs_7, uniq_robin
D:3:      dancing_weapons_uskayaw, feat_on_display, uniq_crazy_yiuf_cottage
D:4:      temple_pool_b, first_bread, serial_shops, nicolae_shop_crystal,
          uniq_pikel, uniq_natasha, uniq_menkaure, uniq_sigmund
D:5:      cheibrodos_gnoll_hut, uniq_duvessa, uniq_prince_ribbit1, uniq_edmund
D:6:      kennysheep_housing_project, minitemple,
          nicolae_overflow_crystal_walls, minmay_misc_feat_more_columns,
          grunt_ministairs_12, fedhas_altar_3
D:7:      kennysheep_kobold_camp
D:8:      minmay_gate_of_8, serial_shops, shop, enter_ossuary_3, uniq_erica
D:9:      good_gods_mini_temple, nicolae_qazlal_style_of_elements, serial_shops,
          shop, hangedman_pestilent_swarm, uniq_joseph
D:10:     orc_0_dummy, lemuel_flamethrower_1
D:11:     david_lair_shrubbed
Ossuary:  ossuary_kennysheep_city_of_the_dead

Skill      XL: |  1  2  3  4  5  6  7  8  9 10 11 |
---------------+----------------------------------+-----
Axes           | 3 4 5 7 8 10 12 14 16 | 16.2
Fighting       | |  3.4
Armour         | |  2.5
Dodging        | |  1.5
Shields        | |  0.7

Action                   |  1- 3 |  4- 6 |  7- 9 | 10-12 || total
-------------------------+-------+-------+-------+-------++-------
Melee: Hand axe          |   113 |   163 |    75 |       ||   351
       War axe           |       |       |   268 |   470 ||   738
Invok: Berserk           |     1 |     3 |    11 |     8 ||    23
       Trog's Hand       |       |       |     1 |     1 ||     2
       Brothers in Arms  |       |       |       |     2 ||     2
Evoke: Wand              |       |       |       |     8 ||     8
  Use: Potion            |       |     1 |     1 |       ||     2
       Scroll            |       |       |     2 |     3 ||     5
 Stab: Confused          |       |       |       |     1 ||     1
  Eat: Chunk             |     2 |     5 |    14 |    26 ||    47
       Bread ration      |       |       |     2 |     1 ||     3
Armor: Animal skin       |    21 |       |       |       ||    21
       Scale mail        |    33 |    68 |    62 |       ||   163
       Chain mail        |       |       |   128 |   247 ||   375
Dodge: Dodged            |    64 |    65 |   124 |   100 ||   353
       Deflected         |       |       |    11 |     5 ||    16
Block: Buckler           |       |       |    19 |    36 ||    55
